 Dungeon Crawl Stone Soup version 0.28-a0-474-g535839065c (webtiles) character file.

Game seed: 767830010857529033

192 Spaninq the Chopper (level 5, -3/46 HPs)
             Began as a Hill Orc Warper on Sept 15, 2021.
             Slain by an iguana (4 damage)
             ... on level 4 of the Dungeon.
             The game lasted 00:06:03 (3774 turns).

Spaninq the Chopper (Hill Orc Warper)               Turns: 3774, Time: 00:06:03

Health: -3/46      AC:  6    Str: 21    XL:     5   Next: 71%
Magic:  7/7        EV: 11    Int: 13    God:
Gold:   122        SH:  0    Dex: 10    Spells: 5/7 levels left

rFire   . . .      SeeInvis .   n - +0 dagger (venom)
rCold   . . .      Faith    .   (no shield)
rNeg    . . .      Spirit   .   o - +0 ring mail
rPois   .          Reflect  .   f - +0 hat {Stlth+}
rElec   .          Harm     .   (no cloak)
rCorr   .          Rampage  .   h - +0 pair of gloves
Will    .....                   (no boots)
Stlth   +.........              (no amulet)
HPRegen 0.15/turn               m - +6 ring of strength
MPRegen 0.10/turn               s - ring of flight

@: flying
A: no striking features
a: no special abilities


You were on level 4 of the Dungeon.
You visited 2 branches of the dungeon, and saw 7 of its levels.

You collected 122 gold pieces.

Inventory:

Hand Weapons
 a - a +0 hand axe
 n - a +0 dagger of venom (weapon)
Missiles
 d - 5 boomerangs of dispersal
 j - 8 boomerangs (quivered)
Armour
 f - a +0 hat of stealth (worn)
 h - a +0 pair of gloves (worn)
 o - a +0 ring mail (worn)
 p - a +0 tower shield
Jewellery
 m - a +6 ring of strength (left hand)
 s - a ring of flight (right hand)
Scrolls
 c - a scroll of blinking
 e - 2 scrolls of noise {unknown}
 i - 2 scrolls of magic mapping {unknown}
 q - a scroll of identify {unknown}
 t - a scroll of brand weapon {unknown}
Potions
 b - a potion of haste {unknown}
 g - 3 potions of lignification {unknown}
 k - a potion of attraction {unknown}
 l - 3 potions of magic {unknown}
 r - a potion of curing {unknown}


   Skills:
 + Level 3.9 Fighting
 * Level 5.7 Axes
 - Level 0.8 Throwing
 + Level 3.0 Armour
 - Level 1.5 Dodging
 - Level 1.5 Spellcasting
 - Level 2.4 Translocations


You had 5 spell levels left.
You knew the following spells:

 Your Spells              Type           Power      Damage    Failure   Level
a - Blink                 Tloc           N/A        N/A       24%         2

Your spell library contained the following spells:

 Spells                   Type           Power      Damage    Failure   Level
 Sandblast                Erth           2%         2d4       41%         1
 Gell's Gravitas          Tloc           3%         N/A       43%         3
 Lesser Beckoning         Tloc           7%         N/A       43%         3
 Teleport Other           Tloc           7%         N/A       43%         3
 Passwall                 Tmut/Erth      0%         N/A       54%         2
 Stone Arrow              Conj/Erth      2%         3d7       78%         3
 Manifold Assault         Tloc           7%         N/A       99%         5


Dungeon Overview and Level Annotations

Branches:
Dungeon (6/15)             Temple (1/1) D:6

Altars:
Ashenzari
Cheibriados
Fedhas
Hepliaklqana
Kikubaaqudgha
Trog
Uskayaw
Wu Jian
Xom
Yredelemnul
Zin
The Shining One


Message History

A jackal comes into view.
The jackal barks! x2
Found 17 gold pieces.
The killer bee zombie closely misses you.
The jackal bites you but does no damage.
You hit the jackal.
The jackal is poisoned.
The jackal is moderately wounded.
The jackal misses you.
The jackal bites you but does no damage.
The jackal barely misses you.
You kill the jackal!
You closely miss the jackal.
The jackal bites you but does no damage.
The killer bee zombie hits you.
* * * LOW HITPOINT WARNING * * *
The jackal bites you but does no damage.
The killer bee zombie hits you but does no damage.
The killer bee zombie hits you.
* * * LOW HITPOINT WARNING * * *
A ball python comes into view.
The jackal bites you but does no damage.
Found a leather armour.
The ball python hisses angrily.
The ball python bites you but does no damage.
The ball python closely misses you.
The jackal bites you but does no damage.
The ball python closely misses you. The ball python completely misses you.
Found 26 stones.
The ball python bites you but does no damage.
The ball python closely misses you.
An iguana comes into view.
The iguana moves out of view.
Found 11 gold pieces.
The iguana hisses angrily.
Found a book of Dreams.
The iguana closely misses you. The iguana bites you!
* * * LOW HITPOINT WARNING * * *
The iguana bites you.
You die...

#$ #.. #.# ##..
###### #... #....#
#.#. #....# #...
#.:..# #.+# #....#
#.# #.@..# ###.#
#..l.# #...#
#..S.# #######...#
#...h###.........#
+....Z..Z...#....#
#....###.##.#....#
+..$.# #.##.#....+
#....#
#.##.#......
#....#
#.##........


You could see an iguana, a killer bee zombie, a jackal and a ball python.

Vanquished Creatures
  A scorpion (D:4)
  A centaur skeleton (D:6)
  2 adders (D:2)
  2 shadow imps (D:6)
  A worm (D:2)
  2 dart slugs
  4 orcs
  4 ball pythons
  8 endoplasms
  A giant cockroach (D:3)
  4 hobgoblins
  A jackal (D:4)
  5 kobolds
  A quokka (D:4)
  3 bats
  4 frilled lizards
  9 goblins
  5 rats (D:1)
  A butterfly (D:6)
59 creatures vanquished.

Vanquished Creatures (others)
  3 plants (D:1)
3 creatures vanquished.

Grand Total: 62 creatures vanquished

Notes
Turn   | Place    | Note
-------+----------+-------------------------------------------
     0 | D:1      | Spaninq the Hill Orc Warper began the quest for the Orb.
     0 | D:1      | Reached XP level 1. HP: 18/18 MP: 3/3
    28 | D:1      | Reached skill level 3 in Axes
   186 | D:1      | Reached XP level 2. HP: 25/25 MP: 4/4
   195 | D:1      | Learned a level 2 spell: Blink
   568 | D:1      | Reached XP level 3. HP: 30/30 MP: 5/5
   910 | D:1      | Found a faded altar of an unknown god.
  1028 | D:1      | Reached skill level 4 in Axes
  2401 | D:3      | Reached XP level 4. HP: 33/38 MP: 6/6
  2978 | D:3      | Found a glowing golden altar of the Shining One.
  2980 | D:3      | Noticed an angel
  2991 | D:3      | Found a basalt altar of Yredelemnul.
  2991 | D:3      | You are sucked into a shaft and drop 3 floors!
  2994 | D:6      | Found a staircase to the Ecumenical Temple.
  3025 | Temple   | Entered the Ecumenical Temple
  3559 | D:6      | Reached skill level 5 in Axes
  3559 | D:6      | Reached XP level 5. HP: 34/46 MP: 7/7
  3672 | D:5      | Entered Level 5 of the Dungeon
  3679 | D:5      | Noticed a centaur
  3772 | D:4      | HP: 1/46 [iguana (8)]
  3774 | D:4      | Slain by an iguana

Illustrated notes

Levels and vault maps discovered:
D:1:      nicolae_arrival_washed_ashore, layout_basic,
          shapermc_ecumenical_altar_mp_vishouse, serial_forest,
          infiniplex_forest_clump_tiny, infiniplex_forest_clump_tiny,
          infiniplex_forest_straight_2, infiniplex_forest_end_double,
          infiniplex_forest_3_way, infiniplex_forest_end_2,
          infiniplex_forest_diagonal, infiniplex_forest_clump_curved
D:2:      layout_loops_corners
D:3:      layout_rooms, grunt_temple_overflow_holy_war
D:4:      layout_basic, mainiacjoe_overflow_surrounded_room,
          nicolae_ru_great_annihilating_truth, marbit_many_paths
D:5:      layout_gridville, mainiacjoe_overflow_catwalk, serial_shops, shop,
          cheibrodos_sewer_entry_drain, uniq_pikel, uniq_edmund, uniq_sigmund
D:6:      layout_loops_ring, mainiacjoe_overflow_boulevard,
          minmay_temple_entry_butterflies, uniq_prince_ribbit1
Temple:   jpeg_temple_alley_garden

Skill      XL: |  1  2  3  4  5 |
---------------+----------------+-----
Axes           | 3 4 5 |  5.7
Fighting       | 3 |  3.9
Armour         | 2 3 |  3.0
Throwing       | |  0.8
Dodging        | |  1.5
Spellcasting   | |  1.5
Translocations | |  2.4

Action                   |  1- 3 |  4- 6 || total
-------------------------+-------+-------++-------
Melee: Hand axe          |    80 |    13 ||    93
       Dagger            |    17 |    68 ||    85
Throw: Boomerang         |     2 |     7 ||     9
 Stab: Sleeping          |     5 |     1 ||     6
Armor: Leather armour    |    14 |       ||    14
       Ring mail         |     4 |    48 ||    52
Dodge: Dodged            |    34 |    76 ||   110

Table legend: (Time is in decaauts)
 A = Elapsed time spent in this place.
 B = Non-inter-level travel time spent in this place.
 C = Inter-level travel time spent in this place.
 D = Time resting spent in this place.
 E = Time spent auto-exploring this place.
 F = Levels seen in this place.
 G = Mean time per level.
                   A        B        C        D        E       F      G
               +--------+--------+--------+--------+--------+-----+--------+
         Total |   3784 |   3664 |    120 |    460 |   2535 |   7 |  540.6 |
       Dungeon |   3323 |   3256 |     67 |    229 |   2379 |   6 |  553.8 |
        Temple |    460 |    407 |     53 |    231 |    156 |   1 |  460.0 |
               +--------+--------+--------+--------+--------+-----+--------+

Top non-repeatable levels by time:
     D:1: 1329 daAuts
     D:2: 1229 daAuts
  Temple: 460 daAuts
     D:3: 443 daAuts
     D:6: 220 daAuts
     D:4: 92 daAuts
     D:5: 8 daAuts
